 Dungeon Crawl Stone Soup version 0.30-a0-121-gb27577e5d9 (webtiles) character file.

Game seed: 18242428833482256870

46 SigmundSlayer the Ducker (level 3, -5/30 HPs)
             Began as a Demigod Gladiator on Sept 14, 2022.
             Slain by Terence
             ... wielding a +0 flail of protection
              (6 damage)
             ... on level 2 of the Dungeon.
             The game lasted 00:01:37 (1334 turns).

SigmundSlayer the Ducker (Demigod Gladiator)        Turns: 1334, Time: 00:01:38

Health: -5/30      AC:  7    Str: 19    XL:     3   Next: 27%
Magic:  5/5        EV: 11    Int: 10    God:
Gold:   51         SH:  0    Dex: 15    Spells: 2/2 levels left

rFire   . . .      SeeInvis +    a - +1 war axe
rCold   . . .      Faith    .    (no shield)
rNeg    . . .      Spirit   .    i - +0 scale mail
rPois   .          Reflect  .    c - +0 helmet
rElec   .          Harm     .    (no cloak)
rCorr   .          Rampage  .    (no gloves)
Will    .....                    (no boots)
Stlth   ..........               (no amulet)
HPRegen 0.10/turn                f - ring of see invisible
MPRegen 0.09/turn                (no ring)

@: lethally poisoned (-5 -> -6)
A: high MP 1, forlorn, divine attributes
a: no special abilities


You were on level 2 of the Dungeon.
You visited 1 branch of the dungeon, and saw 2 of its levels.

You collected 51 gold pieces.

Inventory:

Hand Weapons
 a - a +1 war axe (weapon)
Missiles
 d - 3 throwing nets (quivered)
 e - a javelin
Armour
 c - a +0 helmet (worn)
 i - a +0 scale mail (worn)
Jewellery
 f - a ring of see invisible (left hand)
Scrolls
 g - 3 scrolls of butterflies
 h - a scroll of vulnerability


   Skills:
 + Level 2.3 Fighting
 + Level 3.0 Axes
 - Level 1.7 Throwing
 + Level 1.2 Armour
 + Level 3.1 Dodging


You had 2 spell levels left.
You didn't know any spells.
Your spell library was empty.

Dungeon Overview and Level Annotations

Branches:
Dungeon (2/15)

Shops:
D:1 (

Annotations:
D:2 Terence


Innate Abilities, Weirdness & Mutations

You have an increased reservoir of magic. (+10% MP)
You shall have no god before yourself.
Your divine heritage dramatically boosts your attributes as you level up.


Message History

The adder barely misses you. The hobgoblin hits you. The adder bites you.
You are too injured to fight recklessly!
You are too injured to fight recklessly!
You are too injured to fight recklessly!
You are too injured to fight recklessly!
You are too injured to fight recklessly!
You are too injured to fight recklessly!
You are too injured to fight recklessly!
You are too injured to fight recklessly!
You are too injured to fight recklessly!
You are too injured to fight recklessly!
You are too injured to fight recklessly!
You are too injured to fight recklessly!
You are too injured to fight recklessly!
You are too injured to fight recklessly!
You are too injured to fight recklessly!
You are too injured to fight recklessly!
You are too injured to fight recklessly!
Unknown command.
You aren't carrying any potions.
You aren't carrying any potions.
You hit the hobgoblin.
You kill the hobgoblin!
You slash the adder!
You feel sick. The adder bites you but does no damage.
Terence says, "You're history."
Unknown command.
You slash Terence!
Terence is heavily wounded.
You miss the adder.
You feel sick. The adder bites you.
* * * LOW HITPOINT WARNING * * *
Terence hits you with a +0 flail of protection.
* * * LOW HITPOINT WARNING * * *
The adder barely misses you. Terence barely misses you.
You barely miss the adder.
The adder is severely wounded.
You hit Terence but do no damage.
* * * LOW HITPOINT WARNING * * *
You feel sick. The adder bites you but does no damage.
Terence hits you with a +0 flail of protection.
You die...

##..##..##..##
.## ### #..##..#
##..##..#
##..##..##..##..#
##..##....##..#
##..##..##).#
##....##..#
##..##..##
##....## ##@.##
#S@## ..g## #.##
... ... ... ...


You could see Terence, an adder and a hobgoblin.

Vanquished Creatures
  4 ball pythons (D:1)
  5 bats
  4 endoplasms
  3 giant cockroaches (D:1)
  3 goblins
  3 hobgoblins
  6 jackals (D:1)
  A quokka (D:2)
  2 frilled lizards
  6 kobolds
  A rat (D:1)
38 creatures vanquished.

Notes
Turn   | Place    | Note
-------+----------+-------------------------------------------
     0 | D:1      | SigmundSlayer the Demigod Gladiator began the quest for the
                  | Orb.
     0 | D:1      | Reached XP level 1. HP: 17/17 MP: 3/3
   228 | D:1      | Reached XP level 2. HP: 22/24 MP: 4/4
   466 | D:1      | Found Buirch Ifogo's Antique Weapon Boutique.
   471 | D:1      | Reached skill level 1 in Armour
   864 | D:1      | Reached XP level 3. HP: 29/29 MP: 5/5
  1326 | D:2      | Noticed Terence
  1334 | D:2      | HP: 1/30 [poisoned by an adder]
  1334 | D:2      | Slain by Terence

Illustrated notes

Levels and vault maps discovered:
D:1:      pf_arrival_petrified_forest, layout_basic,
          chequers_ecumenical_altar_twisty, serial_shops, shop
D:2:      minmay_alternating_diamond, layout_basic, uniq_terence

Skill      XL: |  1  2 |
---------------+-------+-----
Fighting       | 2 |  2.3
Dodging        | 3 |  3.1
Axes           | 3 |  3.0
Armour         | 1 |  1.2
Throwing       | |  1.7

Action                   || total
-------------------------++-------
Melee: War axe           ||    87
  Use: Scroll            ||     6
Armor: Leather armour    ||    14
       Scale mail        ||    23
Dodge: Dodged            ||    70

Table legend: (Time is in decaauts)
 A = Elapsed time spent in this place.
 B = Non-inter-level travel time spent in this place.
 C = Inter-level travel time spent in this place.
 D = Time resting spent in this place.
 E = Time spent auto-exploring this place.
 F = Levels seen in this place.
 G = Mean time per level.
                   A        B        C        D        E       F      G
               +--------+--------+--------+--------+--------+-----+--------+
         Total |   1365 |   1294 |     71 |      0 |   1062 |   2 |  682.5 |
       Dungeon |   1365 |   1294 |     71 |      0 |   1062 |   2 |  682.5 |
               +--------+--------+--------+--------+--------+-----+--------+

Top non-repeatable levels by time:
     D:1: 1049 daAuts
     D:2: 315 daAuts
